 Dungeon Sprint DCSS version 0.19-a0-139-gefc6d61 (webtiles) character file.

76682 Kidiri the Shatterer (level 15, -2/232 HPs)
             Began as a Minotaur Fighter on May 17, 2016.
             Was the Champion of Okawaru.
             Slain by Ignacio
             ... wielding a +8 executioner's axe of pain
              (3 damage)
             ... in the Dungeon (Sprint VII: "The Pits").
             The game lasted 00:21:39 (4483 turns).

Kidiri the Shatterer (Minotaur Fighter)             Turns: 4483, Time: 00:21:40

Health: -2/232     AC: 37    Str: 38    XL:     15   Next: 13%
Magic:  0/25       EV: 28    Int:  5    God:    Okawaru [******]
Gold:   45         SH: 20    Dex: 15    Spells: 0 memorised, 14 levels left

rFire  + . .     SeeInvis .     b - +2 morningstar (crush)
rCold  + . .     Gourm    .     I - +2 gold dragon armour
rNeg   . . .     Faith    .     H - +0 shield {reflect}
rPois  +         Spirit   .     (helmet restricted)
rElec  .         Dismiss  +     w - +0 cloak
rCorr  .         Reflect  +     y - +1 pair of gloves {Str+3}
SustAt .         Harm     .     c - +1 pair of boots
MR     +....     NoTele   +     G - amulet of dismissal
Stlth  ..........               u - +3 ring of evasion
                                t - +3 ring of strength

@: agile, berserking (expiring), heroism, very quick, somewhat resistant to
hostile enchantments, extremely unstealthy
A: retaliatory headbutt, horns 2
a: Heroism, Finesse, Renounce Religion


You were in the Dungeon.
You worshipped Okawaru.
Okawaru was exalted by your worship.
You were completely stuffed.

You visited 1 branch You collected 45 gold pieces.

Inventory:

Hand Weapons
 b - a +2 morningstar of crushing (weapon)
Missiles
 D - 21 poisoned javelins (quivered)
Armour
 c - a +1 pair of boots (worn)
 w - a +0 cloak (worn)
 y - a +1 pair of gloves of strength (worn)
 z - a +0 large shield
 H - a +0 shield of reflection (worn)
 I - a +2 gold dragon armour (worn)
Jewellery
 t - a +3 ring of strength (left hand)
 u - a +3 ring of evasion (right hand)
 G - an amulet of dismissal (around neck)
Scrolls
 k - 2 scrolls of blinking
 p - 7 scrolls of remove curse
 q - 5 scrolls of amnesia
 r - a scroll of summoning
 s - 3 scrolls of recharging
Potions
 e - 2 potions of heal wounds
 h - 4 potions of haste
 i - 4 potions of magic
 j - 3 potions of berserk rage
 l - 6 potions of brilliance
 m - 4 potions of curing
 o - 3 potions of invisibility
 v - 2 potions of agility
 A - 2 potions of cure mutation
 B - a potion of flight
Miscellaneous
 C - an ornate deck of changes {the Alchemist}
Comestibles
 a - 28 fruits
 f - 9 bread rations
 n - 13 meat rations
 F - 6 royal jellies


   Skills:
 + Level 19.9(24.9) Fighting
 * Level 23.1(27) Maces & Flails
 * Level 23.1(27) Armour
 + Level 16.0(21.0) Dodging
 * Level 23.1(27) Shields
 + Level 14.8 Invocations


You had 14 spell levels left.
You didn't know any spells.

Dungeon Overview and Level Annotations

Branches:
Dungeon (1/1)

Altars:
Ashenzari
Cheibriados
Dithmenos
Elyvilon
Fedhas
Gozag
Kikubaaqudgha
Makhleb
Nemelex Xobeh
Okawaru
Pakellas
Qazlal
Ru
Sif Muna
Trog
Vehumet
Xom
Yredelemnul
Zin
The Shining One
Beogh
Jiyva
Lugonu

Annotations:
D Ignacio


Innate Abilities, Weirdness & Mutations

You reflexively headbutt those who attack you in melee.
You have a pair of horns on your head.


Message History

Your base Dodging skill increases to level 16!
Your base Shields skill gained 2 levels and is now at level 23!
You have reached level 15!
Your experience leads to an increase in your attributes!
Your base attributes are Str 26, Int 5, Dex 10.
Increase (S)trength, (I)ntelligence, or (D)exterity?
You feel stronger.
Your life force feels restored.
The shadow dragon breathes negative energy at you.
The bolt of negative energy hits Ignacio.
Ignacio completely resists.
The bolt of negative energy misses you.
You hammer Ignacio like a gong!!!
Ignacio is heavily wounded.
Ignacio hits you with an executioner's axe of pain.
* * * LOW HITPOINT WARNING * * *
You writhe in agony.
* * * LOW HITPOINT WARNING * * *
You block Ignacio's attack. Ignacio barely misses you.
Ignacio hits you but does no damage.
You writhe in agony.
You die... #+# ##.## .Di .Dq

#i#
#1#
#@#
#+#
#.#
#+#
#.#
#+#
#.#
#+#
#.#


You could see Ignacio, a shadow dragon, a black draconian monk, a storm dragon
and 2 spriggan air magi.

Vanquished Creatures
  A pandemonium lord (D)
  A greater mummy (D)
  A Tzitzimitl (D)
  A lich (D)
  An Ice Fiend (D)
  A deep elf blademaster (D)
  A greater naga (D)
  2 orc warlords (D)
  A fire giant (D)
  Donald (D)
  A daeva (D)
  A lorocyproca (D)
  A red draconian (D)
  A yellow draconian (D)
  A merfolk javelineer (D)
  An eidolon (D)
  3 vault guards (D)
  A naga warrior (D)
  A rakshasa (D)
  An anaconda (D)
  An alligator (D)
  2 merfolk avatars (D)
  A deep troll earth mage (D)
  A deep troll shaman (D)
  2 death yaks (D)
  3 deep elf knights (D)
  An iron troll (D)
  A cherub (D)
  2 deep trolls (D)
  3 swamp dragons (D)
  2 hill giants (D)
  A phantasmal warrior (D)
  12 orc knights (D)
  2 lindwurms (D)
  A shining eye (shapeshifter) (D)
  2 hornets (D)
  2 wolf spiders (D)
  An ugly thing (D)
  A griffon (D)
  A manticore (D)
  3 black mambas (D)
  A rust devil (D)
  A gargoyle (D)
  An orange demon (D)
  A spiny frog (D)
  A freezing wraith (D)
  2 rime drakes (D)
  A yaktaur (D)
  A komodo dragon (D)
  An ice devil (D)
  A red devil (D)
  4 merfolk (D)
  A troll (D)
  A wind drake (D)
  A spriggan (D)
  2 wyverns (D)
  A water elemental (D)
  A ynoxinul (D)
  A fire bat (D)
  A large abomination (D)
  A yak (D)
  A redback (D)
  2 steam dragons (D)
  A warg (D)
  2 water moccasins (D)
  A soldier ant (D)
  A giant eyeball (D)
  4 hell hounds (D)
  3 phantoms (D)
  A sky beast (D)
  A black bear (D)
  4 orc warriors (D)
  A centaur (D)
  A giant frog (D)
  A gnoll sergeant (D)
  2 earth elementals (D)
  5 killer bees (D)
  A crimson imp (D)
  A quasit (D)
  A jelly (D)
  An orc priest (D)
  Ijyb (D)
  2 orc wizards (D)
  A worker ant (D)
  A gnoll (D)
  A river rat (D)
  2 oozes (D)
  2 giant geckos (D)
  5 orcs (D)
  A bat zombie (D)
  3 hobgoblins (D)
  4 jackals (D)
  A giant cockroach zombie (D)
  2 rats (D)
154 creatures vanquished.

Vanquished Creatures (others)
  A ghost moth (D)
  A yaktaur captain (D)
  A wizard (D)
  A swamp drake (D)
  An orc wizard (D)
5 creatures vanquished.

Grand Total: 159 creatures vanquished

Notes
Turn   | Place    | Note
--------------------------------------------------------------
     0 | D        | Kidiri the Minotaur Fighter began the quest for the Orb.
     0 | D        | Reached XP level 1. HP: 19/19 MP: 0/0
    10 | D        | Noticed a worker ant
    17 | D        | Killed a worker ant
    17 | D        | Reached skill level 1 in Dodging
    17 | D        | Reached XP level 2. HP: 27/27 MP: 1/1
    52 | D        | Found a sacrificial altar of Ru.
    52 | D        | Found a basalt altar of Yredelemnul.
    52 | D        | Found a shadowy altar of Dithmenos.
    52 | D        | Found a deep blue altar of Sif Muna.
    52 | D        | Found a burning altar of Makhleb.
    52 | D        | Found a shimmering altar of Xom.
    52 | D        | Found an ancient bone altar of Kikubaaqudgha.
    52 | D        | Found a sparkling altar of Nemelex Xobeh.
    53 | D        | Found a glowing golden altar of the Shining One.
    53 | D        | Found a bloodstained altar of Trog.
    53 | D        | Found a shattered altar of Ashenzari.
    53 | D        | Found a white marble altar of Elyvilon.
    53 | D        | Found a snail-covered altar of Cheibriados.
    53 | D        | Found a blossoming altar of Fedhas.
    53 | D        | Found a radiant altar of Vehumet.
    53 | D        | Found a glowing silver altar of Zin.
    53 | D        | Found a corrupted altar of Lugonu.
    53 | D        | Found a viscous altar of Jiyva.
    53 | D        | Found a roughly hewn altar of Beogh.
    53 | D        | Found an iron altar of Okawaru.
    54 | D        | Found an oddly glowing altar of Pakellas.
    59 | D        | Found a stormy altar of Qazlal.
    59 | D        | Found an opulent altar of Gozag.
    68 | D        | Became a worshipper of Warmaster Okawaru
    83 | D        | Noticed a giant eyeball
    86 | D        | Paralysed by a giant eyeball for 4 turns
    90 | D        | Killed a giant eyeball
    90 | D        | Reached skill level 5 in Fighting
    90 | D        | Reached XP level 3. HP: 36/36 MP: 1/3
    90 | D        | Reached XP level 4. HP: 42/42 MP: 1/4
   170 | D        | Noticed an orc warrior
   177 | D        | Reached * piety under Okawaru
   177 | D        | Reached XP level 5. HP: 29/48 MP: 5/5
   189 | D        | HP: 1/49 [orc warrior/glaive (16)]
   191 | D        | Killed an orc warrior
   192 | D        | Reached XP level 6. HP: 9/57 MP: 5/7
   461 | D        | Reached skill level 5 in Dodging
   484 | D        | Noticed a water moccasin
   488 | D        | Killed a water moccasin
   488 | D        | Reached XP level 7. HP: 60/66 MP: 7/9
   520 | D        | Noticed Ijyb
   526 | D        | Killed Ijyb
   530 | D        | Noticed a yak
   535 | D        | Killed a yak
   535 | D        | Reached ** piety under Okawaru
   535 | D        | Reached skill level 10 in Armour
   535 | D        | Reached skill level 10 in Shields
   548 | D        | Reached skill level 5 in Invocations
   576 | D        | Reached skill level 10 in Maces & Flails
   604 | D        | Noticed a steam dragon
   610 | D        | Reached XP level 8. HP: 74/74 MP: 7/10
   762 | D        | Noticed a death yak
   762 | D        | Noticed a hill giant
   771 | D        | Killed a death yak
   771 | D        | Reached *** piety under Okawaru
   776 | D        | Killed a hill giant
   776 | D        | Reached **** piety under Okawaru
   776 | D        | Reached XP level 9. HP: 74/83 MP: 12/12
   816 | D        | Noticed a red devil
   816 | D        | Noticed an orange demon
   831 | D        | Killed an orange demon
   844 | D        | Killed a red devil
  1064 | D        | Noticed a spiny frog
  1064 | D        | Noticed an ice devil
  1077 | D        | Killed a spiny frog
  1083 | D        | Killed an ice devil
  1083 | D        | Reached skill level 10 in Fighting
  1100 | D        | Noticed a rime drake
  1111 | D        | Killed a rime drake
  1111 | D        | Reached ***** piety under Okawaru
  1117 | D        | Noticed a troll
  1117 | D        | Noticed a hornet
  1130 | D        | Killed a hornet
  1130 | D        | Reached XP level 10. HP: 48/93 MP: 6/14
  1319 | D        | Noticed a swamp dragon
  1338 | D        | Killed a swamp dragon
  1511 | D        | Noticed a hornet
  1512 | D        | Noticed a gargoyle
  1519 | D        | Killed a hornet
  1519 | D        | Received a gift from Okawaru
  1523 | D        | Killed a ghost moth
  1524 | D        | Killed a gargoyle
  1645 | D        | Noticed a death yak
  1645 | D        | Noticed a wolf spider
  1647 | D        | Noticed a griffon
  1648 | D        | Noticed a greater naga
  1652 | D        | Killed a wolf spider
  1653 | D        | Noticed a rakshasa
  1665 | D        | Killed a death yak
  1665 | D        | Reached skill level 15 in Armour
  1665 | D        | Reached skill level 10 in Dodging
  1665 | D        | Reached skill level 15 in Shields
  1665 | D        | Reached XP level 11. HP: 102/102 MP: 9/16
  1684 | D        | Killed a rakshasa
  1684 | D        | Reached skill level 15 in Maces & Flails
  1697 | D        | Killed a griffon
  1725 | D        | Killed a greater naga
  1950 | D        | Noticed a hill giant
  1955 | D        | Killed a hill giant
  1955 | D        | Received a gift from Okawaru
  2025 | D        | Noticed a merfolk avatar
  2040 | D        | Killed a merfolk avatar
  2040 | D        | Reached skill level 10 in Invocations
  2065 | D        | Noticed a lindwurm
  2066 | D        | Noticed a lindwurm
  2075 | D        | Killed a lindwurm
  2081 | D        | Killed a lindwurm
  2100 | D        | Noticed a swamp dragon
  2116 | D        | Killed a swamp dragon
  2133 | D        | Noticed an anubis guard
  2133 | D        | a swamp worm changed into an anubis guard
  2147 | D        | Paralysed by a hornet for 1 turns
  2153 | D        | Received a gift from Okawaru
  2156 | D        | Noticed an anubis guard
  2156 | D        | a hornet changed into an anubis guard
  2158 | D        | Noticed a shining eye
  2158 | D        | an anubis guard changed into a shining eye
  2162 | D        | Killed a shining eye
  2162 | D        | Reached XP level 12. HP: 87/113 MP: 11/18
  2438 | D        | Noticed a deep troll shaman
  2439 | D        | Noticed an eidolon
  2458 | D        | Killed an eidolon
  2512 | D        | Killed a deep troll shaman
  2531 | D        | Noticed a merfolk javelineer
  2570 | D        | Received a gift from Okawaru
  2590 | D        | Noticed a deep troll earth mage
  2597 | D        | Killed a deep troll earth mage
  2598 | D        | Noticed an anaconda
  2613 | D        | Killed an anaconda
  2628 | D        | Killed a merfolk javelineer
  2644 | D        | Noticed a merfolk avatar
  2655 | D        | Killed a merfolk avatar
  2655 | D        | Reached ****** piety under Okawaru
  2667 | D        | Killed a lorocyproca
  2675 | D        | Reached XP level 13. HP: 27/124 MP: 1/20
  2939 | D        | Received a gift from Okawaru
  3056 | D        | Noticed a daeva
  3056 | D        | Noticed a yellow draconian
  3073 | D        | Killed a yellow draconian
  3091 | D        | Killed a daeva
  3301 | D        | Noticed an orc warlord
  3301 | D        | Noticed an orc warlord
  3302 | D        | Noticed a deep elf blademaster
  3302 | D        | Noticed a fire giant
  3321 | D        | Killed an orc warlord
  3321 | D        | Reached skill level 15 in Fighting
  3327 | D        | Killed a fire giant
  3343 | D        | Noticed a vault guard
  3364 | D        | Killed an orc warlord
  3364 | D        | Received a gift from Okawaru
  3452 | D        | Killed a vault guard
  3472 | D        | Killed a deep elf blademaster
  3600 | D        | Noticed a red draconian
  3607 | D        | Killed a red draconian
  3688 | D        | Reached XP level 14. HP: 88/140 MP: 22/22
  3873 | D        | Noticed Donald
  3885 | D        | Killed Donald
  3885 | D        | Received a gift from Okawaru
  4162 | D        | Noticed an Ice Fiend
  4170 | D        | Killed an Ice Fiend
  4174 | D        | Noticed an acid blob
  4193 | D        | Noticed a greater mummy
  4209 | D        | Killed a greater mummy
  4266 | D        | Noticed a lich
  4269 | D        | Killed a lich
  4273 | D        | Noticed a Tzitzimitl
  4283 | D        | Killed a Tzitzimitl
  4283 | D        | Reached skill level 15 in Dodging
  4441 | D        | Noticed Ithaagasum the pandemonium lord
  4441 | D        | Noticed a shadow dragon
  4441 | D        | Noticed a shadow dragon
  4441 | D        | Noticed a black draconian monk
  4441 | D        | Noticed a storm dragon
  4441 | D        | Noticed Ignacio
  4482 | D        | Killed Ithaagasum the pandemonium lord
  4482 | D        | Received a gift from Okawaru
  4482 | D        | Received a gift from Okawaru
  4482 | D        | Received a gift from Okawaru
  4482 | D        | Reached XP level 15. HP: 18/155 MP: 0/25
  4483 | D        | HP: 1/232 [Ignacio/executioner's axe of pain (12)]
  4483 | D        | Slain by Ignacio

Vault maps used:
D:        pitsprint

Skill      XL: |  1  2  3  4  5  6  7  8  9 10 11 12 13 14 |
---------------+-------------------------------------------+-----
Fighting       | 4 5 6 7 8 9 10 11 12 14 17 19 | 19.9
Maces & Flails | 4 6 7 9 10 11 13 14 16 18 20 23 | 23.1
Armour         | 4 6 7 8 9 10 12 13 15 16 18 20 23 | 23.1
Dodging        | 1 3 4 5 6 7 8 10 11 12 14 16 | 16.0
Shields        | 4 6 7 8 9 10 12 13 15 16 18 20 23 | 23.1
Invocations    | 2 3 4 5 6 7 9 10 11 13 14 | 14.8

Action                   |  1- 3 |  4- 6 |  7- 9 | 10-12 | 13-15 || total
-------------------------+-------+-------+-------+-------+-------++-------
Melee: Flail             |     7 |    27 |   129 |   439 |       ||   602
       Mace              |     4 |    24 |       |       |       ||    28
       Headbutt          |     1 |     7 |    21 |   124 |    81 ||   234
       Morningstar       |       |       |       |       |   302 ||   302
Invok: Heroism           |       |     2 |     7 |     9 |     8 ||    26
       Finesse           |       |       |     1 |     7 |     6 ||    14
  Use: Potion            |       |     2 |     2 |     7 |     7 ||    18
       Scroll            |       |       |       |       |     1 ||     1
  Eat: Chunk             |       |       |     1 |     6 |     7 ||    14
       Fruit             |       |       |       |       |    12 ||    12
Armor: Scale mail        |     1 |     9 |       |       |       ||    10
       Plate armour      |       |     8 |    45 |    92 |    33 ||   178
       Gold dragon armou |       |       |       |       |    18 ||    18
Dodge: Dodged            |     1 |    25 |    45 |   132 |    46 ||   249
Block: Shield            |     6 |    37 |    81 |   236 |    51 ||   411
       Large shield      |       |       |       |       |   105 ||   105
       Reflection        |       |       |       |       |     3 ||     3
